 Dungeon Crawl Stone Soup version 0.31-a0-986-g5e6e4ef867 (webtiles) character file.

Game seed: 18291135670712225353

44 grandjackal the Ducker (level 3, -1/28 HPs)
             Began as a Demonspawn Gladiator on Nov 17, 2023.
             Slain by an adder (3 damage)
             ... on level 2 of the Dungeon.
             The game lasted 00:01:43 (1063 turns).

grandjackal the Ducker (Demonspawn Gladiator)       Turns: 1063, Time: 00:01:43

Health: -1/28      AC:  3    Str: 16    XL:     3   Next: 39%
Magic:  3/3        EV: 12    Int:  9    God:
Gold:   70         SH:  0    Dex: 14    Spells: 2/2 levels left

rFire   . . .        a - +0 long sword
rCold   . . .        (no shield)
rNeg    . . .        b - +0 leather armour
rPois   .            (helmet restricted)
rElec   .            (no cloak)
rCorr   .            (no gloves)
SInv    .            (no boots)
Will    .....        (no amulet)
Stlth   +            (no ring)
HPRegen 0.24/turn    (no ring)
MPRegen 0.08/turn

%: no passive effects
@: no status effects
A: antennae 1, powered by pain 1
a: no special abilities


You were on level 2 of the Dungeon.
You visited 1 branch of the dungeon, and saw 2 of its levels.

You collected 70 gold pieces.

Inventory:

Hand Weapons
 a - a +0 long sword (weapon)
 h - a +0 short sword of electrocution
Missiles
 d - 3 throwing nets (quivered)
 e - a javelin
Armour
 b - a +0 leather armour (worn)
 f - an orb of wrath
Scrolls
 c - a scroll of enchant armour {unknown}
 j - a scroll of revelation {unknown}
 k - a scroll of poison {unknown}
Potions
 g - a potion of degeneration {unknown}
 i - 2 potions of heal wounds {unknown}


   Skills:
 + Level 2.6 Fighting
 + Level 3.1 Long Blades
 - Level 2.1 Throwing
 + Level 3.1 Dodging


You had 2 spell levels left.
You didn't know any spells.
Your spell library was empty.

Dungeon Overview and Level Annotations

Branches:
Dungeon (2/15)

Altars:


Innate Abilities, Weirdness & Mutations

You have a pair of small antennae on your head.
You sometimes gain a little power by taking damage.


Message History

The adder poisons you!
You closely miss the adder.
You feel sick. The adder bites you. The adder closely misses you.
You are too injured to fight recklessly!
You are too injured to fight recklessly!
You miss the adder.
You feel sick. The adder closely misses you. x2
You miss the adder.
You feel sick. The adder closely misses you.
You hit the adder.
The adder is lightly wounded.
You feel sick. The adder barely misses you. The adder misses you.
You barely miss the adder.
The adder is lightly wounded.
You feel sick.
You are no longer poisoned.
The adder closely misses you.
You closely miss the adder.
The adder is lightly wounded.
The adder bites you but does no damage. x2
You barely miss the adder.
The adder is lightly wounded.
The adder misses you.
You miss the adder.
The adder is lightly wounded.
The adder bites you.
* * * LOW HITPOINT WARNING * * *
The adder barely misses you.
You slash the adder!
The adder is almost dead.
The adder bites you.
* * * LOW HITPOINT WARNING * * *
The adder closely misses you.
You barely miss the adder.
The adder is almost dead.
The adder barely misses you.
You miss the adder.
The adder is almost dead.
The adder bites you.
* * * LOW HITPOINT WARNING * * *
The adder bites you.
You die...

##> ## ........#.......#
...###. .......#.......#
#..#..###......#.......#
.#......................#
...................<....#
........................#
....#...##..............#
# ###..##.............#
##@##.............# .
#S##......([..####
....#S.#..........#
..................##
..[.#.##..........# ...
#$ ##..........# # ..
#..........# #..
...........# ##. .......


You could see an adder and a ball python.

Vanquished Creatures
  A dart slug (D:1)
  5 ball pythons (D:1)
  A bat (D:1)
  3 endoplasms (D:1)
  4 giant cockroaches
  3 goblins (D:1)
  5 hobgoblins
  2 quokkas
  4 frilled lizards (D:1)
  6 kobolds
  A rat (D:1)
35 creatures vanquished.

Notes
Turn   | Place    | Note
-------+----------+-------------------------------------------
     0 | D:1      | grandjackal the Demonspawn Gladiator began the quest for
                  | the Orb.
     0 | D:1      | Reached XP level 1. HP: 16/16 MP: 1/1
   209 | D:1      | Gained mutation: You sometimes gain a little power by
                  | taking damage. [demonic ancestry]
   209 | D:1      | Reached XP level 2. HP: 22/22 MP: 2/2
   216 | D:1      | Found a faded altar of an unknown god.
   457 | D:1      | Gained mutation: You have a pair of small antennae on your
                  | head. [demonic ancestry]
   457 | D:1      | Reached XP level 3. HP: 27/28 MP: 3/3
  1063 | D:2      | Slain by an adder

Illustrated notes

Levels and vault maps discovered:
D:1:      doesnt_arrival_eight_statues, layout_basic,
          nicolae_ecumenical_snake_handling
D:2:      layout_rooms, serial_shops, nicolae_shop_behind_doors,
          minmay_pentomino_w4, uniq_jessica

Skill      XL: |  1  2 |
---------------+-------+-----
Throwing       | 2 |  2.1
Long Blades    | 3 |  3.1
Dodging        | 3 |  3.1
Fighting       | |  2.6

Action                     || total
---------------------------++-------
  Melee: Long sword        ||   130
   Stab: Sleeping          ||     1
 Armour: Leather armour    ||   104
  Dodge: Dodged            ||    96

Table legend: (Time is in decaauts)
 A = Elapsed time spent in this place.
 B = Non-inter-level travel time spent in this place.
 C = Inter-level travel time spent in this place.
 D = Time resting spent in this place.
 E = Time spent auto-exploring this place.
 F = Levels seen in this place.
 G = Mean time per level.
                   A        B        C        D        E       F      G
               +--------+--------+--------+--------+--------+-----+--------+
         Total |   1095 |   1049 |     46 |    187 |    567 |   2 |  547.5 |
       Dungeon |   1095 |   1049 |     46 |    187 |    567 |   2 |  547.5 |
               +--------+--------+--------+--------+--------+-----+--------+

Top non-repeatable levels by time:
     D:1: 1018 daAuts
     D:2: 77 daAuts
